 Dungeon Crawl Stone Soup version 0.18-a0-49-gd105b5a (webtiles) character file.

266 SlimeFever the Insei (level 6, -5/47 HPs)
             Began as a Vampire Monk on Nov 6, 2015.
             Slain by a mummy (15 damage)
             ... on level 4 of the Dungeon.
             The game lasted 00:28:21 (3425 turns).

SlimeFever the Insei (Vampire Monk)                 Turns: 3425, Time: 00:28:21

Health: -5/47      AC:  3    Str: 10    XL:     6   Next: 0%
Magic:  6/6        EV: 15    Int: 13    God:
Gold:   247        SH:  0    Dex: 18    Spells: 0 memorised, 5 levels left

rFire  . . .     SeeInvis +       - Unarmed
rCold  . . .     Clarity  .     a - +1 robe
rNeg   + + .     SustAt   .     (no shield)
rPois  .         Gourm    .     (no helmet)
rElec  .         Spirit   .     (no cloak)
rCorr  .         Warding  .     (no gloves)
rMut   .         Stasis   .     (no boots)
MR     .....                    (no amulet)
Stlth  +++.......               (no ring)
                                f - ring of positive energy

@: not resistant to hostile enchantments, fairly stealthy
A: fangs 3, see invisible, unbreathing
a: Bat Form


You were on level 4 of the Dungeon.
You were not thirsty.

You visited 1 branch of the dungeon, and saw 4 of its levels.

You collected 247 gold pieces.

Inventory:

Hand Weapons
 j - a cursed -1 hunting sling
Missiles
 b - 3 curare-tipped needles
 o - 27 arrows
 q - 33 bolts
Armour
 a - a +1 robe (worn)
Jewellery
 f - a ring of positive energy (left hand)
Scrolls
 c - 4 scrolls of teleportation
 h - 2 scrolls of magic mapping
 i - a scroll of identify
 l - a scroll of enchant weapon
 t - a scroll of fear
Potions
 d - 2 potions of agility
 e - a potion of heal wounds {unknown}
 g - 2 potions of might
 k - a potion of degeneration {unknown}
 m - 2 potions of cancellation
 n - a potion of cure mutation {unknown}
 p - a potion of invisibility {unknown}
 r - a potion of poison {unknown}
 s - a potion of lignification {unknown}
 u - a potion of curing


   Skills:
 + Level 3.6 Fighting
 + Level 4.9 Dodging
 + Level 4.1 Stealth
 * Level 6.0 Unarmed Combat


You had 5 spell levels left.
You didn't know any spells.

Dungeon Overview and Level Annotations

Branches:
Dungeon (4/15)
 Temple: D:4-7

Altars:
Dithmenos
Nemelex Xobeh
Vehumet

Portals:
Ossuary: D:4


Innate Abilities, Weirdness & Mutations

You have razor-sharp teeth.
You have supernaturally acute eyesight.
You can survive without breathing.


Message History

You open the door.
A mummy comes into view.
Found a sand-covered staircase.
The mummy closely misses you.
There is an open door here.
You punch the mummy! Your bite misses the mummy.
The mummy is moderately damaged.
The mummy barely misses you.
You closely miss the mummy.
The mummy is moderately damaged.
You barely miss the mummy.
The mummy is moderately damaged.
The mummy hits you!
* * * LOW HITPOINT WARNING * * *
You hit the mummy but do no damage. You bite the mummy.
The mummy is heavily damaged.
You hit the mummy but do no damage.
The mummy is heavily damaged.
The mummy hits you!
You die...

********************###
*,,,,,,,,,,,,,,,,,,,..#
*,***********####***#.#
*,############..#####.###
*,#.....................#
*,*#..###@###.###'###..##
*,,,,,,*#M##...##.##...#
****,,,,###.....###....###
*,,,,,#.......#........
*,*,,..###+###....#####
*,,,...,**,##.....[...#
****#.,,,*##....###...#
**,...#....#..<...#
*#...............#


You could see a mummy.

Vanquished Creatures
  A scorpion (D:4)
  2 worker ants (D:4)
  6 adders
  2 oozes (D:1)
  A worm (D:3)
  4 giant geckos
  10 orcs (D:3)
  8 bats
  7 giant cockroaches
  11 goblins
  10 hobgoblins
  10 jackals
  2 quokkas (D:2)
  A ball python (D:3)
  7 giant newts
  A jackal skeleton (D:4)
  7 kobolds
  An orc zombie (D:4)
  11 rats
102 creatures vanquished.

Notes
Turn   | Place    | Note
--------------------------------------------------------------
     0 | D:1      | SlimeFever the Vampire Monk began the quest for the Orb.
     0 | D:1      | Reached XP level 1. HP: 17/17 MP: 1/1
    72 | D:1      | Reached XP level 2. HP: 14/24 MP: 2/2
   379 | D:1      | Reached XP level 3. HP: 20/29 MP: 3/3
   846 | D:2      | Reached skill level 5 in Unarmed Combat
  1223 | D:2      | Reached XP level 4. HP: 24/35 MP: 4/4
  2233 | D:3      | Found a radiant altar of Vehumet.
  2444 | D:3      | Reached XP level 5. HP: 35/41 MP: 5/5
  2482 | D:3      | Found a sparkling altar of Nemelex Xobeh.
  3187 | D:4      | Found a shadowy altar of Dithmenos.
  3336 | D:4      | Noticed an ogre
  3399 | D:4      | Reached skill level 6 in Unarmed Combat
  3411 | D:4      | Reached XP level 6. HP: 20/47 MP: 6/6
  3419 | D:4      | Found a sand-covered staircase.
  3425 | D:4      | Slain by a mummy

Vault maps used:
D:1:      scummos_arrival_simple_crosswalls
D:2:      first_bread, grunt_ministairs_14
D:3:      lemuel_round_altar, lemuel_doored_altar, minmay_joined_circles
D:4:      minmay_door_path, nicolae_ossuary_entry_giza,
          nicolae_dithmenos_shadow_blocks

Action                   |  1- 3 |  4- 6 || total
-------------------------+-------+-------++-------
Melee: Unarmed           |   130 |   208 ||   338
  Use: Scroll            |     5 |     9 ||    14
       Potion            |       |     1 ||     1
 Stab: Sleeping          |     9 |     5 ||    14
       Distracted        |     1 |       ||     1
  Eat: Corpse            |     5 |     6 ||    11
